 Dungeon Crawl Stone Soup version 0.30-a0-691-g754fce4c43 (console) character file.

Game seed: 4942044953884665474

1439 jejorda2 the Chopper (level 8, -4/96 HPs)
             Began as a Merfolk Berserker on Jan 19, 2023.
             Was a Believer of Trog.
             Slain by an orc warrior
             ... wielding a +0 glaive
              (6 damage)
             ... on level 6 of the Dungeon.
             The game lasted 00:07:40 (6454 turns).

jejorda2 the Chopper (Merfolk Berserker)            Turns: 6454, Time: 00:07:40

Health: -4/96      AC:  9    Str: 19    XL:     8   Next: 74%
Magic:  8/8        EV:  9    Int:  6    God:    Trog [**....]
Gold:   295        SH:  0    Dex: 14    Spells: 7/7 levels left

rFire   . . .      SeeInvis .    a - +0 war axe
rCold   . . .      Faith    .    (no shield)
rNeg    + . .      Spirit   .    o - +0 chain mail
rPois   .          Reflect  .    (no helmet)
rElec   .          Harm     .    C - +0 cloak
rCorr   .          Rampage  .    (no gloves)
Will    .....                    (no boots) Stlth
                                 (no amulet)
HPRegen 0.36/turn                F - ring of positive energy
MPRegen 0.11/turn                (no ring)

@: berserking (expiring), very quick
A: (nimble swimmer 2), mertail
a: Renounce Religion, Berserk, Trog's Hand


You were on level 6 of the Dungeon.
You worshipped Trog.
Trog was pleased with you.
You visited 1 branch of the dungeon, and saw 6 of its levels.

You collected 295 gold pieces.

Inventory:

Hand Weapons
 a - a +0 war axe (weapon)
 b - a +0 trident
Missiles
 h - 44 stones (quivered)
 q - a boomerang
 t - 2 curare-tipped darts
 A - 5 datura-tipped darts
Armour
 o - a +0 chain mail (worn)
 C - a +0 cloak (worn)
Jewellery
 p - an amulet of the acrobat
 y - a +6 ring of dexterity
 F - a ring of positive energy (left hand)
Wands
 r - a wand of polymorph (8)
 D - a wand of flame (7)
Scrolls
 d - 3 scrolls of enchant weapon {unknown}
 f - 7 scrolls of identify {unknown}
 i - a scroll of vulnerability {unknown}
 s - a scroll of torment {unknown}
 u - a scroll of fog {unknown}
 w - a scroll of brand weapon {unknown}
 x - 3 scrolls of teleportation {unknown}
 B - a scroll of fear {unknown}
 G - a scroll of immolation {unknown}
Potions
 c - 6 potions of curing {unknown}
 e - a potion of berserk rage {unknown}
 g - 2 potions of attraction {unknown}
 j - a potion of ambrosia {unknown}
 k - a potion of cancellation {unknown}
 l - a potion of degeneration {unknown}
 m - 3 potions of lignification {unknown}
 n - 2 potions of might
 v - a potion of mutation {unknown}
 z - a potion of resistance {unknown}
 E - a potion of haste {unknown}
 H - a potion of flight {unknown}


   Skills:
 - Level 6.0 Fighting
 * Level 6.3(6.8) Axes
 + Level 6.1(8.9) Polearms
 - Level 1.3 Armour
 - Level 6.0 Dodging


You had 7 spell levels left.
You didn't know any spells.
Your spell library was empty.

Dungeon Overview and Level Annotations

Branches:
Dungeon (6/15)             Temple (0/1) D:6

Altars:
Ashenzari
Okawaru
Ru

Shops:
D:2 !


Innate Abilities, Weirdness & Mutations

((You are very nimble when in or above water. (Stealth+, EV+, Speed+++)))
Your lower body shifts to a powerful aquatic tail in water.


Message History

You hit the orc warrior.
The orc warrior is heavily wounded.
You hit the black bear. You miss something.
The orc warrior hits you with a +0 glaive!
The black bear bites you.
* * * LOW HITPOINT WARNING * * *
The black bear claws you.
* * * LOW HITPOINT WARNING * * *
The black bear claws you.
* * * LOW HITPOINT WARNING * * *
You hit the orc warrior.
The orc warrior is severely wounded.
You barely miss something. You hit the black bear. You hit the orc.
The orc warrior hits you with a +0 glaive.
* * * LOW HITPOINT WARNING * * *
The black bear goes berserk!
Something hits you but does no damage. The orc hits you but does no damage.
You closely miss the orc warrior.
The orc warrior is severely wounded.
You hit the black bear. You hit the orc but do no damage.
You closely miss something. The black bear barely misses you. x2
The black bear claws you.
* * * LOW HITPOINT WARNING * * *
You slice the black bear!!
You kill the black bear!
Trog accepts your kill.
You barely miss the orc warrior. You hit the orc.
You kill the orc!
Trog accepts your kill.
You miss something.
The orc warrior hits you with a +0 glaive!
* * * LOW HITPOINT WARNING * * *
Something hits you.
* * * LOW HITPOINT WARNING * * *
Your base Polearms skill increases to level 6!
You closely miss the orc warrior.
The orc warrior is severely wounded.
You miss something.
The orc warrior hits you with a +0 glaive.
You die...

#### ... ##### #.. #.# #...## #..
.#.# ..8.<####### #..####..>.
#...##.....# #..#....... #####
##########.# #.o@.....# #....
.###.#####.# #.).$...## #....
........##.# ###...#...# #....
####.##.##.# #)..# ### ####....
#.##.##.# #...# #....... ##
#.......# #...# ##......# .#
##.###### #...# #.......# .# #.#
#######...######.......#
.####.####.................#.#...


You could see an orc warrior.

Vanquished Creatures
  A steam dragon (D:6)
  A water moccasin (D:6)
  An ice beast (D:5)
  A sky beast (D:6)
  A black bear (D:6)
  An ogre (D:5)
  A centaur (D:6)
  A phantom (D:5)
  6 hounds
  3 jellies
  4 orc priests (D:6)
  2 iguanas (D:6)
  An orc wizard (D:6)
  11 adders
  A white imp (D:6)
  5 worms (D:2)
  5 dart slugs
  14 orcs
  6 ball pythons
  6 endoplasms
  2 giant cockroaches
  5 goblins
  4 hobgoblins
  6 jackals
  3 quokkas
  3 bats
  2 frilled lizards (D:2)
  6 kobolds
  2 rats
105 creatures vanquished.

Notes
Turn   | Place    | Note
-------+----------+-------------------------------------------
     0 | D:1      | jejorda2 the Merfolk Berserker began the quest for the Orb.
     0 | D:1      | Reached XP level 1. HP: 18/18 MP: 1/1
   161 | D:1      | Reached XP level 2. HP: 20/24 MP: 2/2
   375 | D:1      | Reached skill level 1 in Polearms
   859 | D:2      | Reached XP level 3. HP: 24/29 MP: 3/3
   891 | D:2      | Found a sacrificial altar of Ru.
   905 | D:2      | Found Xiutu's Distillery.
  1839 | D:3      | Reached XP level 4. HP: 35/37 MP: 4/4
  2034 | D:3      | Reached ** piety under Trog
  2556 | D:4      | Reached XP level 5. HP: 42/42 MP: 5/5
  2567 | D:4      | Found a broken altar of Ashenzari.
  3345 | D:4      | Found an iron altar of Okawaru.
  3537 | D:5      | Entered Level 5 of the Dungeon
  3645 | D:5      | Noticed an ice beast
  3659 | D:5      | Killed an ice beast
  3660 | D:5      | Reached XP level 6. HP: 39/49 MP: 6/6
  4333 | D:5      | Reached XP level 7. HP: 38/55 MP: 7/7
  4701 | D:5      | Reached skill level 5 in Dodging
  5096 | D:6      | Reached skill level 5 in Fighting
  5225 | D:6      | Reached skill level 5 in Axes
  5338 | D:6      | Reached XP level 8. HP: 38/62 MP: 8/8
  5546 | D:6      | Reached skill level 5 in Polearms
  5862 | D:6      | Found a staircase to the Ecumenical Temple.
  6453 | D:6      | HP: 2/96 [orc warrior/+0 glaive (12)]
  6454 | D:6      | Slain by an orc warrior

Illustrated notes

Levels and vault maps discovered:
D:1:      dpeg_arrival_rooms_with_view, layout_loops_ring, minmay_cut_off
D:2:      layout_loops_ring, serial_shops, shop_statue, basic_altar
D:3:      layout_basic, kennysheep_flooded_box, moated_statue,
          kennysheep_generic_room_12
D:4:      layout_basic, nicolae_ashenzari_panopticon, okawaru_ov_weapons_minmay,
          serial_curves, eino_curves_03, eino_curves_02, minmay_fountain_box,
          lemuel_flame_loot_1
D:5:      layout_basic, minivault_1, minmay_misc_feat_five
D:6:      layout_loops_cross, minmay_temple_entry_arrows,
          chequers_serial_rivers_room_a, grunt_ministairs_5, minmay_between

Skill      XL: |  1  2  3  4  5  6  7  8 |
---------------+-------------------------+-----
Dodging        | 3 4 5 6 |  6.0
Polearms       | 1 2 3 4 6 |  6.1
Axes           | 3 4 5 6 |  6.3
Fighting       | 4 5 6 |  6.0
Armour         | |  1.3

Action                   |  1- 3 |  4- 6 |  7- 9 || total
-------------------------+-------+-------+-------++-------
Melee: Hand axe          |   132 |   131 |       ||   263
       Punch             |     3 |     1 |     3 ||     7
       War axe           |       |    10 |   127 ||   137
Throw: Stone             |       |     4 |     4 ||     8
Invok: Berserk           |     2 |     3 |     4 ||     9
       Trog's Hand       |       |       |     1 ||     1
Armor: Ring mail         |    18 |       |       ||    18
       Chain mail        |    23 |    78 |    65 ||   166
Dodge: Dodged            |    41 |    72 |    68 ||   181

Table legend: (Time is in decaauts)
 A = Elapsed time spent in this place.
 B = Non-inter-level travel time spent in this place.
 C = Inter-level travel time spent in this place.
 D = Time resting spent in this place.
 E = Time spent auto-exploring this place.
 F = Levels seen in this place.
 G = Mean time per level.
                   A        B        C        D        E       F      G
               +--------+--------+--------+--------+--------+-----+--------+
         Total |   6585 |   6468 |    117 |    719 |   4878 |   6 | 1097.5 |
       Dungeon |   6585 |   6468 |    117 |    719 |   4878 |   6 | 1097.5 |
               +--------+--------+--------+--------+--------+-----+--------+

Top non-repeatable levels by time:
     D:5: 1569 daAuts
     D:6: 1420 daAuts
     D:4: 1119 daAuts
     D:2: 965 daAuts
     D:1: 856 daAuts
     D:3: 654 daAuts
